Map: Selva profunda EE

Players

raynorlou

  • Race: Terran Terran
  • League: Platinum
  • Spawn Location: 1:00

gffdgdf

  • Race: Protoss Protoss
  • Spawn Location: 1:00

HUNTER

  • Race: Zerg Zerg
  • League: Gold
  • Spawn Location: 3:00

MrFercho

  • Race: Zerg Zerg
  • League: Gold
  • Spawn Location: 7:00

tigro

  • Race: Terran Terran
  • League: Bronze
  • Spawn Location: 7:00

TATORREA

  • Race: Protoss Protoss
  • League: Gold
  • Spawn Location: 7:00

VOD

Have the link to the VOD?

Description

Time

  • Played on: Aug. 10, 2020, 9:47 p.m.
  • Length: 19:51
Show
View Real Time Build Order
Export as new Build Order

raynorlou Terran 

Build Orders: Liberator Opening 

Get SALT Encoding   

  12  0:01  SCV  
  14  0:14  SCV  
  14  0:17  Supply Depot  
  14  0:28  Refinery  
  14  0:29  SCV  
  15  0:41  SCV  
  16  0:44  Refinery  
  16  0:59  SCV  
  16  1:03  Barracks  
  17  1:11  SCV  
  18  1:23  SCV  
  19  1:35  SCV  
  20  1:47  SCV  
  22  2:09  Orbital Command  
  22  2:11  Factory  
  21  2:16  Barracks Reactor  
  21  2:30  Command Center  
  21  2:37  SCV  
  21  2:43  Supply Depot  
  22  2:49  SCV  
  23  2:55  Starport  
  23  3:04  Marine  
  23  3:05  Marine  
  25  3:08  Factory Tech Lab  
  25  3:10  SCV  
  26  3:14  Supply Depot  
  26  3:22  SCV  
  27  3:37  Siege Tank  
  30  3:46  Barracks Reactor  
  30  3:55  Liberator  
  30  3:56  Liberator  
  30  3:59  Orbital Command  
  36  4:06  Engineering Bay  
  36  4:12  Supply Depot  
  36  4:16  Refinery  
  36  4:24  SCV  
  37  4:36  Missile Turret  
  37  4:39  SCV x2  
  39  4:51  SCV x2  
  41  4:58  Siege Tank  
  41  4:59  Liberator x2  
  47  5:04  SCV x2  
  52  5:26  SCV x2  
  54  5:30  Siege Tank  
  54  5:39  Missile Turret  
  54  5:46  SCV  
  54  5:47  SCV, Starport  
  56  5:50  Refinery  
  56  5:59  SCV x2  
  56  6:02  Siege Tank  
  58  6:11  SCV x2  
  60  6:16  Marine x2  
  62  6:23  Supply Depot  
  62  6:30  Command Center  
  62  6:32  Armory  
  62  6:41  Starport Reactor  
  62  6:44  Supply Depot  
  62  6:45  SCV x2, Siege Tank, Liberator  
  62  6:46  Supply Depot  
  70  7:04  Supply Depot  
  70  7:05  Supply Depot, Marine x2  
  70  7:06  Liberator  
  70  7:07  SCV  
  76  7:16  SCV  
  76  7:17  Siege Tank  
  76  7:20  Liberator x2  
  86  7:37  Terran Vehicle And Ship Armor Level 1  
  86  7:45  SCV x2, Orbital Command  
  86  7:49  Missile Turret  
  88  7:57  SCV x2  
  84  8:15  Liberator x2  
  90  8:21  SCV x2, Refinery  
  90  8:22  Refinery  
  90  8:24  Liberator x2  
  98  8:38  Terran Infantry Weapons Level 1  
  98  8:40  Barracks x2  
  98  8:41  Barracks  
  98  8:42  Barracks x2  
  98  8:43  Barracks  
  98  9:06  SCV x3  
  101  9:11  Liberator  
  101  9:12  Liberator x2  
  110  9:18  SCV  
  110  9:22  SCV x2  
  110  9:23  Armory  
  113  9:30  SCV  
  114  9:33  Starport  
  114  9:34  SCV  
  114  9:35  Factory  
  114  9:37  Barracks Tech Lab x2  
  114  9:38  Barracks Reactor x2  
  115  9:39  Barracks Tech Lab  
  115  9:47  Barracks Reactor  
  116  10:00  SCV x2, Supply Depot  
  116  10:01  Supply Depot x2  
  116  10:02  Supply Depot x2  
  116  10:04  Supply Depot x2  
  116  10:05  Supply Depot  
  117  10:19  Concussive Shells, Stimpack  
  117  10:21  Marine x4, Liberator  
  117  10:22  SCV x3, Liberator x2  
  117  10:23  Marine x2  
  117  10:25  Combat Shield, Supply Depot  
  135  10:38  Liberator  
  138  10:46  Command Center, Terran Vehicle And Ship Armor Level 2  
  138  10:53  Terran Ship Weapons Level 1  
  138  11:04  Liberator  
  138  11:06  Marine x4  
  138  11:07  Marine x7  
  152  11:14  Supply Depot  
  152  11:15  Supply Depot  
  152  11:16  Supply Depot  
  152  11:24  Marine x5  
  157  11:30  Siege Tank  
  147  12:02  Siege Tank  
  147  12:05  Marine x6  
  147  12:06  Marine x5  
  158  12:09  Liberator x3  
  158  12:10  Liberator  
  167  12:23  Marine  
  165  12:39  Command Center  
  162  12:48  Refinery  
  162  12:51  Refinery  
  162  12:54  Command Center  
  162  13:05  Supply Depot x2  
  162  13:07  Supply Depot  
  162  13:08  Supply Depot  
  162  13:12  Supply Depot x2  
  162  13:13  Supply Depot x2  
  162  13:15  Supply Depot  
  162  13:17  Supply Depot  
  162  13:22  Command Center  
  162  13:27  Siege Tank, Liberator  
  168  13:49  Terran Ship Weapons Level 2  
  168  13:59  Siege Tank  
  171  14:08  Terran Infantry Weapons Level 2  
  171  14:10  Starport Tech Lab  
  171  14:15  Engineering Bay  
  171  14:22  Marine x6  
  177  14:28  Orbital Command  
  177  14:43  Orbital Command  
  177  14:45  SCV x2  
  179  14:46  Refinery  
  179  14:57  SCV x2, Siege Tank  
  179  14:58  Raven  
  186  15:13  Factory  
  177  15:20  Factory  
  147  15:22  Factory  
  144  15:29  Siege Tank  
  144  15:30  Liberator x3  
  144  15:33  Marine  
  144  15:34  Marine x10  
  167  15:41  Raven  
  169  15:51  Marine x3  
  169  15:52  Marine x8, Liberator  
  183  16:01  Siege Tank  
  186  16:09  Marine x2  
  186  16:10  Factory Tech Lab  
  186  16:11  Factory Tech Lab  
  188  16:13  Liberator  
  188  16:14  Factory x2  
  191  16:21  SCV x2  
  191  16:22  SCV, Refinery  
  194  16:27  Terran Vehicle Weapons Level 1  
  194  16:31  Terran Infantry Armor Level 1  
  194  16:33  SCV, Siege Tank  
  198  17:10  Marauder  
  173  18:07  Liberator x5  
  188  18:14  Siege Tank x3  
  197  18:31  Marine x3  
  186  18:46  Siege Tank  
  189  18:50  Medivac x2, Liberator x2  
  189  18:51  Marine  
Show
View Real Time Build Order
Export as new Build Order

gffdgdf Protoss 

Build Orders: 1 Gate Expand, Carriers 

Get SALT Encoding   

  12  0:01  Probe  
  13  0:20  Pylon  
  13  0:21  Probe  
  14  0:33  Probe (Chrono Boost)  
  15  0:38  Gateway  
  15  0:45  Probe (Chrono Boost)  
  16  0:51  Assimilator  
  16  0:56  Probe (Chrono Boost)  
  17  1:06  Probe  
  19  1:18  Probe  
  19  1:34  Nexus  
  19  1:55  Cybernetics Core  
  19  2:01  Assimilator  
  19  2:06  Probe  
  20  2:13  Pylon  
  20  2:18  Probe  
  21  2:25  Assimilator  
  21  2:30  Probe  
  21  2:33  Warp Gate (Chrono Boost)  
  23  2:44  Probe (Chrono Boost)  
  23  2:46  Probe (Chrono Boost)  
  24  2:57  Probe (Chrono Boost), Stargate  
  25  3:02  Probe (Chrono Boost)  
  25  3:04  Probe  
  27  3:11  Shield Battery  
  27  3:13  Probe  
  27  3:16  Probe  
  27  3:18  Assimilator  
  29  3:22  Twilight Council  
  29  3:25  Probe  
  30  3:30  Pylon  
  30  3:37  Probe  
  31  3:49  Probe  
  31  3:52  Gateway  
  31  3:53  Gateway  
  31  4:09  Probe  
  32  4:20  Oracle, Forge  
  32  4:21  Probe  
  35  4:33  Probe  
  32  4:45  Probe  
  32  4:52  Probe  
  34  4:58  Probe  
  35  5:03  Photon Cannon  
  35  5:04  Probe  
  35  5:05  Assimilator  
  36  5:14  Stargate  
  36  5:16  Probe  
  36  5:17  Stargate  
  36  5:19  Stargate  
  38  5:28  Probe  
  38  5:40  Probe  
  36  6:03  Probe (Chrono Boost)  
  37  6:04  Pylon  
  37  6:13  Probe (Chrono Boost), Pylon  
  37  6:16  Void Ray  
  42  6:18  Probe (Chrono Boost), Void Ray  
  42  6:22  Void Ray  
  51  6:30  Probe  
  52  6:42  Probe  
  53  6:49  Nexus  
  53  6:50  Fleet Beacon  
  53  6:54  Probe  
  54  7:00  Protoss Air Weapons Level 1 (Chrono Boost)  
  54  7:01  Oracle  
  54  7:03  Pylon  
  54  7:06  Probe  
  58  7:10  Void Ray  
  62  7:18  Void Ray  
  66  7:40  Shield Battery  
  66  7:41  Flux Vanes  
  66  7:44  Photon Cannon  
  66  7:46  Carrier  
  66  7:47  Photon Cannon x2  
  72  8:00  Assimilator  
  72  8:01  Probe (Chrono Boost)  
  72  8:04  Assimilator  
  73  8:12  Probe x2 (Chrono Boost)  
  75  8:16  Probe (Chrono Boost)  
  75  8:17  Void Ray  
  75  8:18  Probe  
  81  8:27  Probe  
  81  8:28  Void Ray  
  81  8:30  Probe  
  87  8:34  Void Ray  
  87  8:39  Probe  
  92  8:45  Pylon  
  92  8:51  Probe, Pylon  
  93  8:56  Pylon  
  93  9:03  Probe  
  93  9:04  Carrier  
  100  9:16  Probe  
  101  9:20  Cybernetics Core  
  101  9:25  Pylon  
  101  9:28  Probe, Pylon, Protoss Air Weapons Level 2  
  102  9:40  Probe  
  102  9:43  Carrier  
  109  9:47  Carrier  
  109  9:52  Probe  
  116  10:04  Probe  
  117  10:08  Carrier  
  123  10:16  Probe  
  123  10:21  Cybernetics Core  
  125  10:28  Probe  
  125  10:35  Pylon  
  125  10:37  Pylon  
  125  10:38  Pylon  
  125  10:40  Probe, Carrier  
  125  10:41  Pylon  
  132  10:52  Robotics Facility  
  132  11:00  Stargate  
  132  11:02  Stargate  
  132  11:16  Protoss Air Armor Level 1  
  99  12:55  Carrier  
  99  12:56  Carrier  
  99  12:57  Carrier  
  99  12:58  Carrier  
  123  12:59  Carrier  
  129  13:15  Pylon  
  129  13:17  Pylon  
  129  13:19  Pylon  
  129  13:27  Void Ray  
  133  13:34  Protoss Air Armor Level 2 (Chrono Boost)  
  133  13:37  Protoss Air Weapons Level 3 (Chrono Boost)  
  133  13:48  Pylon  
  133  13:50  Pylon  
  133  13:52  Pylon  
  133  13:56  Pylon  
  133  14:04  Void Ray  
  133  14:05  Void Ray  
  141  14:21  Void Ray  
  141  14:22  Void Ray  
  149  14:24  Carrier  
  149  14:30  Nexus  
  137  15:42  Void Ray x2  
  141  15:43  Void Ray  
  141  15:44  Void Ray x2  
  107  17:03  Carrier  
  107  17:04  Carrier  
  107  17:05  Carrier  
  107  17:07  Carrier  
  131  17:15  Assimilator  
  131  17:20  Assimilator  
  131  17:26  Gateway  
  131  17:28  Gateway  
  131  17:30  Gateway  
  131  17:32  Robotics Facility x2  
  131  17:34  Robotics Facility  
  100  18:12  Void Ray  
  104  18:13  Void Ray x2  
  104  18:15  Void Ray  
  104  18:16  Void Ray  
  120  18:22  Nexus  
  120  18:24  Assimilator  
  120  18:28  Assimilator  
  120  18:32  Robotics Bay  
  120  18:38  Templar Archives  
  120  18:41  Dark Shrine  
  120  18:51  Observer  
  121  19:12  Observer  
  122  19:20  Robotics Facility  
Show
View Real Time Build Order
Export as new Build Order

HUNTER Zerg 

Build Orders: Hatch First, Swarm Host 

Get SALT Encoding   

  12  0:04  Drone  
  13  0:11  Drone  
  14  0:46  Hatchery  
  14  0:48  Drone  
  14  0:57  Spawning Pool  
  13  1:04  Drone  
  13  1:08  Extractor  
  13  1:10  Drone  
  14  1:12  Overlord  
  14  1:31  Drone x2  
  16  1:52  Zergling x2  
  17  1:55  Zergling x2  
  18  2:02  Queen  
  18  2:04  Queen  
  22  2:09  Drone  
  22  2:12  Drone x3, Extractor  
  25  2:33  Zergling x4  
  27  2:40  Baneling Nest  
  26  2:48  Drone  
  26  2:49  Drone  
  26  2:51  Metabolic Boost  
  28  3:07  Overlord x3  
  26  3:53  Zergling x10  
  31  4:04  Drone x3  
  31  4:05  Drone x2  
  35  4:52  Lair  
  35  4:56  Spore Crawler, Drone  
  35  4:57  Drone  
  35  4:58  Drone  
  37  5:15  Evolution Chamber  
  37  5:16  Evolution Chamber  
  37  5:18  Evolution Chamber  
  34  5:34  Queen  
  36  5:36  Overlord  
  36  5:37  Overlord x3  
  36  5:50  Hatchery  
  36  5:55  Drone x2, Spire  
  36  5:56  Drone x2  
  38  6:06  Infestation Pit  
  37  6:15  Nydus Network  
  36  6:22  Overseer x2  
  36  6:27  Queen  
  38  6:33  Queen  
  38  6:39  Drone x4  
  44  6:48  Extractor  
  44  6:49  Drone x2  
  44  6:51  Drone  
  46  7:03  Queen  
  46  7:07  Swarm Host x2  
  46  7:08  Swarm Host  
  57  7:15  Pneumatized Carapace  
  57  7:21  Drone x3  
  60  7:24  Drone  
  61  7:30  Overseer  
  61  7:45  Drone x2  
  61  7:46  Drone x5  
  68  8:00  Extractor  
  67  8:11  Spore Crawler  
  67  8:12  Extractor  
  65  8:19  Swarm Host x4  
  71  8:20  Swarm Host x3  
  86  8:32  Zerg Ground Armor Level 1  
  86  8:35  Zerg Missile Weapons Level 1  
  86  9:17  Swarm Host  
  86  9:21  Overlord  
  86  9:22  Overlord x6  
  89  9:49  Queen  
  91  10:04  Nydus Network  
  90  10:24  Swarm Host  
  90  10:25  Swarm Host x9  
  120  10:51  Queen  
  120  10:55  Drone  
  120  10:56  Drone x2  
  125  10:57  Overlord  
  125  10:58  Overlord x5  
  125  11:01  Overseer  
  125  11:02  Overseer x2  
  115  11:33  Nydus Canal  
  110  11:46  Nydus Canal  
  90  12:58  Nydus Canal  
  90  13:33  Nydus Canal  
  90  14:03  Hatchery  
  90  14:06  Hatchery  
  88  14:32  Nydus Canal  
  88  14:35  Swarm Host x2  
  88  14:36  Swarm Host x3  
  88  14:37  Swarm Host  
  88  14:38  Swarm Host x4  
  118  15:14  Drone x4  
  119  15:15  Drone  
  123  15:30  Nydus Canal  
  123  15:37  Overlord x2  
  123  16:30  Nydus Canal  
  123  16:35  Drone x8  
  123  16:36  Drone x3  
  134  16:40  Drone x3  
  134  16:42  Swarm Host x2  
  143  17:03  Nydus Canal  
  143  17:20  Drone x3  
  143  17:21  Queen  
  148  17:40  Extractor  
  148  17:41  Extractor  
  146  18:03  Nydus Canal  
  143  19:07  Drone  
  143  19:08  Drone x3  
  147  19:25  Nydus Canal  
Show
View Real Time Build Order
Export as new Build Order

MrFercho Zerg 

Build Orders: Hatch First, Roach Hydra 

Get SALT Encoding   

  12  0:02  Drone  
  13  0:22  Overlord  
  13  0:23  Drone  
  14  0:40  Drone x2  
  16  0:54  Drone  
  17  0:57  Hatchery  
  17  0:59  Drone  
  17  1:07  Drone  
  18  1:14  Extractor  
  17  1:21  Spawning Pool, Drone  
  17  1:29  Drone  
  18  1:38  Drone  
  19  2:11  Overlord  
  19  2:12  Drone x3  
  22  2:29  Drone  
  23  2:30  Queen, Drone  
  23  2:31  Queen  
  23  2:32  Overlord  
  28  2:38  Drone  
  28  2:43  Drone  
  30  2:48  Drone  
  31  2:58  Drone x2  
  33  3:07  Drone x2  
  33  3:09  Lair  
  35  3:17  Drone x2, Extractor  
  35  3:18  Extractor  
  35  3:41  Roach Warren, Drone x3  
  38  3:42  Drone x3  
  38  3:48  Drone x3  
  42  3:53  Evolution Chamber  
  42  3:59  Overlord  
  42  4:00  Overlord  
  42  4:18  Zerg Missile Weapons Level 1  
  42  4:21  Glial Reconstitution  
  42  4:23  Roach x5  
  42  4:24  Roach x2  
  56  4:25  Overlord  
  56  4:27  Queen  
  58  4:34  Queen  
  60  4:47  Roach  
  60  4:48  Roach x3  
  60  4:50  Overlord x2  
  68  5:19  Spore Crawler  
  68  5:21  Spore Crawler  
  66  5:28  Spore Crawler  
  65  5:32  Drone x3  
  68  5:45  Ravager  
  68  5:46  Ravager x4  
  73  6:01  Hydralisk Den  
  72  6:08  Drone  
  72  6:09  Drone x3  
  72  6:11  Drone  
  77  6:25  Zerg Missile Weapons Level 2  
  77  6:28  Hatchery  
  76  6:36  Drone  
  77  6:41  Muscular Augments, Extractor  
  77  6:43  Roach  
  77  6:44  Roach x3  
  77  6:46  Overlord x3  
  77  6:47  Overlord x2  
  84  6:55  Pneumatized Carapace  
  84  7:04  Queen  
  84  7:06  Roach  
  84  7:07  Roach x8  
  104  7:14  Drone  
  104  7:15  Evolution Chamber  
  104  7:19  Drone  
  105  7:23  Drone x3  
  108  7:39  Burrow  
  108  7:53  Spore Crawler, Grooved Spines  
  108  7:55  Spore Crawler  
  105  8:23  Drone  
  105  8:24  Drone x2  
  105  8:25  Drone x12  
  120  8:29  Overlord x3  
  120  8:30  Overlord  
  120  8:45  Overlord x3  
  120  8:50  Zerg Melee Weapons Level 1, Zerg Ground Armor Level 1  
  120  8:53  Metabolic Boost  
  120  9:00  Infestation Pit  
  119  9:03  Roach x19  
  119  9:08  Hatchery  
  118  9:28  Hydralisk x11  
  118  9:29  Hydralisk x3  
  146  9:48  Drone x2  
  146  9:49  Drone x7  
  146  9:52  Extractor  
  154  9:53  Extractor  
  154  9:54  Queen  
  154  9:58  Queen  
  157  10:09  Lurker Den  
  157  10:13  Spire  
  155  10:15  Zergling x22  
  166  10:53  Hive  
  166  10:57  Zerg Ground Armor Level 2  
  166  10:58  Hatchery, Zerg Melee Weapons Level 2  
  149  11:57  Corruptor x11  
  151  12:35  Overseer  
  151  12:36  Overseer x2  
  130  13:03  Hydralisk  
  130  13:04  Hydralisk x18  
  130  13:05  Hydralisk  
  168  13:10  Overlord  
  168  13:11  Overlord x4  
  170  13:35  Zerg Missile Weapons Level 3  
  170  13:37  Zerg Ground Armor Level 3  
  170  14:16  Drone x2  
  172  14:37  Corruptor x3  
  172  14:38  Corruptor x7  
  184  14:41  Hatchery  
  191  14:55  Overlord x4  
  123  15:42  Corruptor x8  
  94  15:43  Corruptor x2  
  114  15:50  Zergling x2  
  114  15:51  Zergling x22  
  103  16:27  Overseer  
  103  16:32  Corruptor  
  103  16:33  Corruptor x5  
  114  16:41  Zerg Flyer Armor Level 1  
  114  17:12  Zergling x24  
  126  17:18  Hatchery  
  107  17:40  Corruptor x6  
  107  17:41  Corruptor x2  
  104  18:02  Seismic Spines  
  87  19:13  Corruptor x6  
  87  19:14  Corruptor x4  
Show
View Real Time Build Order
Export as new Build Order

tigro Terran 

Build Orders:  

Get SALT Encoding   

  12  0:16  Supply Depot  
  12  0:18  SCV  
  13  0:30  SCV  
  14  0:39  Supply Depot  
  14  0:42  SCV  
  15  0:50  Barracks  
  15  0:54  SCV  
  16  1:06  SCV  
  16  1:07  Refinery  
  17  1:18  SCV  
  18  1:27  Refinery  
  18  1:30  SCV  
  19  1:43  SCV, Marine  
  21  1:55  SCV  
  21  2:00  Marine  
  23  2:07  SCV  
  24  2:18  Marine  
  25  2:28  Orbital Command  
  25  2:36  Marine  
  26  2:39  Factory  
  26  2:46  Engineering Bay  
  26  2:54  Marine  
  27  3:15  Barracks Tech Lab  
  27  3:22  Terran Infantry Weapons Level 1  
  27  3:29  Factory Tech Lab  
  27  3:44  Marine  
  27  3:46  Combat Shield, Starport  
  28  4:02  Marine  
  29  4:11  Siege Tank  
  32  4:19  Marine  
  33  4:30  Medivac  
  35  4:37  Marine  
  36  4:55  Marine  
  37  5:03  Armory  
  37  5:05  Stimpack  
  37  5:16  Terran Infantry Armor Level 1  
  37  5:19  Refinery  
  26  5:42  Missile Turret  
  20  6:07  SCV  
  21  6:19  SCV  
  22  6:31  SCV  
  23  6:34  Starport Tech Lab  
  23  6:43  SCV, Command Center  
  24  6:55  SCV  
  25  7:07  SCV  
  26  7:18  Missile Turret  
  26  7:19  SCV  
  27  7:31  SCV  
  28  7:39  Missile Turret  
  28  7:42  Hi-Sec Auto Tracking  
  28  7:44  SCV  
  29  7:56  Refinery  
  29  8:03  Missile Turret  
  26  8:18  SCV  
  27  8:27  SCV  
  27  8:30  SCV  
  29  8:39  SCV  
  30  8:41  Missile Turret  
  30  8:43  SCV  
  30  8:45  Siege Tank  
  34  8:52  SCV  
  34  8:55  SCV  
  36  9:01  Missile Turret  
  36  9:04  SCV, Neosteel Armor  
  36  9:07  SCV  
  38  9:16  SCV  
  39  9:22  Missile Turret  
  39  9:26  SCV  
  41  9:38  SCV  
  41  9:42  Missile Turret  
  41  9:46  SCV  
  41  9:50  SCV  
  43  9:59  SCV, Barracks  
  44  10:02  SCV  
  44  10:03  Terran Vehicle Weapons Level 1  
  44  10:04  Fusion Core  
  45  10:11  SCV  
  46  10:14  SCV  
  46  10:21  Marine  
  47  10:23  SCV  
  47  10:27  SCV  
  50  10:39  SCV, Marine  
  52  10:43  Terran Infantry Weapons Level 2  
  52  10:51  SCV  
  52  10:55  Weapon Refit  
  52  10:57  Marine  
  53  11:03  SCV, Barracks Reactor  
  55  11:14  Marine  
  56  11:22  Battlecruiser  
  62  11:52  Marine  
  56  11:58  Terran Vehicle And Ship Armor Level 1  
  54  12:09  Marine  
  55  12:26  Medivac  
  55  12:27  Marine  
  58  12:35  Rapid Reignition System  
  58  12:45  Marine  
  59  12:59  Terran Infantry Armor Level 2  
  59  13:03  Marine  
  60  13:11  Supply Depot  
  60  13:13  Missile Turret  
  60  13:23  Marine x2  
  62  13:32  Marine, Thor  
  62  13:34  Supply Depot, Missile Turret  
  69  13:37  Battlecruiser  
  69  13:41  Marine x2  
  77  13:50  Marine  
  77  13:52  Terran Ship Weapons Level 1  
  78  13:59  Marine x2  
  80  14:08  Marine  
  80  14:16  Marine  
  80  14:17  Marine  
  79  14:26  Marine  
  80  14:41  Battlecruiser  
  86  15:04  Missile Turret  
  86  15:24  Missile Turret  
  86  15:37  Supply Depot, Marine x2, Thor  
  86  15:38  Command Center  
  94  15:48  Missile Turret  
  94  15:58  Marine x2  
  94  15:59  Battlecruiser  
  94  16:00  Supply Depot  
  102  16:18  Marine  
  102  16:19  Missile Turret  
  102  16:22  Marine x2, Thor  
  102  16:23  Planetary Fortress  
  110  16:40  Missile Turret  
  110  16:49  Marine x3  
  108  17:01  Missile Turret  
  108  17:03  Battlecruiser  
  108  17:05  Thor  
  108  17:06  Marine  
  121  17:22  Missile Turret  
  121  17:24  Marine  
  122  17:31  Refinery  
  122  17:32  SCV  
  122  17:42  Marine  
  122  17:44  SCV  
  121  17:56  SCV  
  122  18:08  SCV  
  123  18:20  SCV  
  52  19:51  Refinery  
Show
View Real Time Build Order
Export as new Build Order

TATORREA Protoss 

Build Orders:  

Get SALT Encoding   

  12  0:02  Probe  
  13  0:16  Probe  
  14  0:28  Probe, Pylon  
  15  0:46  Probe  
  16  0:55  Gateway  
  16  0:58  Probe  
  17  1:10  Probe  
  18  1:20  Gateway  
  18  1:23  Probe  
  19  1:31  Pylon  
  19  1:35  Probe  
  19  1:36  Assimilator  
  19  1:38  Pylon  
  20  1:47  Probe  
  21  1:58  Cybernetics Core  
  21  2:04  Probe  
  22  2:16  Probe, Assimilator  
  24  2:30  Probe  
  23  2:37  Adept (Chrono Boost)  
  23  2:38  Adept (Chrono Boost)  
  27  2:45  Warp Gate  
  27  3:05  Adept (Chrono Boost)  
  29  3:07  Nexus  
  29  3:09  Pylon, Adept (Chrono Boost)  
  29  3:10  Pylon  
  27  4:35  Stalker x2  
  27  4:38  Probe x2  
  29  4:50  Probe x2, Robotics Facility  
  29  4:52  Stargate  
  31  4:53  Twilight Council  
  31  4:55  Stargate  
  31  4:58  Cybernetics Core  
  31  5:00  Pylon  
  31  5:02  Probe (Chrono Boost)  
  31  5:03  Probe (Chrono Boost), Pylon  
  33  5:07  Stalker  
  33  5:09  Stalker  
  33  5:11  Probe (Chrono Boost)  
  34  5:30  Probe x2  
  36  5:42  Probe (Chrono Boost)  
  38  5:43  Probe (Chrono Boost)  
  38  5:48  Stalker x2  
  42  5:52  Probe x2 (Chrono Boost)  
  44  5:57  Probe x2 (Chrono Boost)  
  46  6:07  Void Ray  
  46  6:09  Probe  
  51  6:15  Void Ray  
  55  6:19  Probe  
  55  6:21  Probe  
  57  6:32  Probe  
  58  6:33  Probe  
  58  6:37  Assimilator x2  
  59  6:55  Fleet Beacon  
  59  7:11  Probe x2  
  61  7:16  Nexus  
  61  7:19  Pylon  
  61  7:21  Pylon  
  61  7:22  Void Ray  
  61  7:23  Probe  
  61  7:24  Probe  
  67  7:36  Probe x2  
  69  7:42  Void Ray  
  73  7:45  Flux Vanes  
  73  8:18  Void Ray  
  77  8:20  Probe x2  
  77  8:25  Void Ray  
  83  8:32  Probe x2  
  85  8:41  Templar Archives  
  85  8:44  Probe, Forge  
  85  8:46  Probe, Assimilator x2, Forge  
  85  8:47  Probe  
  88  8:48  Forge  
  88  8:49  Gateway  
  88  8:50  Gateway  
  88  8:56  Probe  
  88  8:58  Probe  
  88  8:59  Probe  
  88  9:01  Void Ray  
  95  9:08  Void Ray  
  99  9:16  Probe x2  
  102  9:17  Probe  
  102  9:36  Probe  
  103  9:44  Void Ray  
  107  9:47  Charge (Chrono Boost)  
  107  9:51  Void Ray, Nexus  
  107  9:52  Pylon  
  111  9:54  Psionic Storm  
  111  9:55  Protoss Ground Weapons Level 1 (Chrono Boost)  
  111  9:56  Protoss Shields Level 1 (Chrono Boost)  
  111  9:58  Protoss Ground Armor Level 1 (Chrono Boost)  
  111  9:59  Pylon  
  111  10:11  Protoss Air Weapons Level 1  
  111  10:23  Protoss Air Armor Level 1  
  111  10:30  Zealot x4  
  111  10:31  Void Ray (Chrono Boost)  
  111  10:34  Void Ray (Chrono Boost)  
  127  10:51  Probe x3, Assimilator  
  127  10:56  Assimilator  
  130  11:00  Pylon  
  130  11:03  Probe x3  
  130  11:04  Pylon  
  133  11:14  Pylon  
  133  11:17  Pylon  
  133  11:18  Void Ray  
  137  11:23  Void Ray  
  141  11:30  Pylon  
  141  11:33  Pylon  
  141  11:40  Pylon  
  141  11:43  Pylon  
  111  11:48  Pylon  
  75  11:58  Stalker  
  75  11:59  Stalker x3  
  83  12:02  Probe x4  
  87  12:14  Probe x4  
  85  12:26  Probe  
  85  12:29  Probe  
  84  12:30  Probe x2  
  85  12:38  Probe  
  85  12:42  Probe x3, Stalker x4  
  97  12:48  Void Ray x2  
  97  12:50  Probe  
  106  13:09  Protoss Air Weapons Level 2  
  106  13:12  Protoss Air Armor Level 2  
  106  13:15  Gateway  
  106  13:17  Gateway  
  106  13:20  Gateway  
  106  13:22  Gateway  
  106  13:24  Gateway  
  106  13:26  Gateway  
  106  13:29  Gateway  
  106  13:34  Gateway  
  106  13:37  Gateway  
  106  13:39  Observer  
  106  13:40  Void Ray, Gateway  
  106  13:41  Void Ray  
  115  13:44  Stalker x4  
  123  13:50  Gateway  
  123  13:53  Gateway  
  123  13:56  Gateway  
  123  13:58  Gateway  
  108  14:25  Nexus  
  108  14:27  Pylon  
  108  14:29  Pylon, High Templar x3  
  108  14:30  High Templar x5  
  108  14:31  High Templar x3  
  130  14:39  Archon x2  
  130  14:40  Archon x2  
  130  14:41  Protoss Ground Weapons Level 2 (Chrono Boost), Archon  
  130  14:43  Protoss Shields Level 2 (Chrono Boost), Protoss Ground Armor Level 2 (Chrono Boost)  
  130  15:05  Assimilator  
  130  15:09  Assimilator, High Templar  
  130  15:10  High Templar x3  
  138  15:16  Pylon  
  138  15:18  Nexus  
  138  15:25  Pylon, Archon x2  
  138  15:30  Stalker x2  
  138  15:31  Stalker x4  
  138  15:32  Stalker x3  
  156  15:41  Void Ray  
  160  15:53  Stalker x3  
  160  15:54  Stalker  
  168  15:59  Probe x3  
  171  16:11  Probe x2  
  155  16:14  Stalker x4  
  155  16:15  Stalker  
  162  16:18  Stalker  
  162  16:23  Probe  
  119  17:12  Stalker x2  
  119  17:13  Stalker x4  
  119  17:14  Stalker  
Tags
 
Add a new tag
Caveats
  • Supply blocks, unpowered buildings, or Contaminate may cause inaccurate times.
  • Supply counts are checked every 10 seconds.